 Dungeon Crawl Stone Soup version 0.20-a0-830-g2c9a30d (webtiles) character file.

527 M4edhros the Chopper (level 7, -1/61 HPs)
             Began as a Minotaur Berserker on Mar 7, 2017.
             Was a Believer of Trog.
             Slain by an orc priest
             ... wielding a +0 flail
              (6 damage)
             ... on level 8 of the Dungeon.
             The game lasted 00:04:05 (775 turns).

M4edhros the Chopper (Minotaur Berserker)            Turns: 775, Time: 00:04:06

Health: -1/61      AC:  8    Str: 19 (21) XL:     7   Next: 3%
Magic:  6/6        EV: 12    Int:  9      God:    Trog [**....]
Gold:   64         SH:  0    Dex: 11 (12) Spells: 6/6 levels left

rFire    . . .     SeeInvis .   a - +0 hand axe
rCold    . . .     Gourm    .   j - +2 ring mail {MR+}
rNeg     . . .     Faith    .   (no shield)
rPois    .         Spirit   .   (helmet restricted)
rElec    .         Reflect  .   (no cloak)
rCorr    .         Harm     .   (no gloves)
MR       +++..                  (no boots)
Stlth    +.........             (no amulet)
Regen    1.2/turn               (no ring)
MPRegen  0.1/turn               (no ring)

@: brilliant, lethally poisoned (-1 -> -1), exhausted, flying, very slightly
contaminated, regenerating, hasted and slowed
A: retaliatory headbutt, horns 2
a: Berserk, Trog's Hand, Burn Spellbooks, Renounce Religion


You were on level 8 of the Dungeon.
You worshipped Trog.
Trog was pleased with you.
You were near starving.

You visited 1 branch of the dungeon, and saw 8 of its levels.

You collected 106 gold pieces.
You spent 42 gold pieces at shops.

Inventory:

Hand Weapons
 a - a +0 hand axe (weapon)
Armour
 b - a +0 animal skin
 g - a +0 ring mail
 j - a +2 ring mail of magic resistance (worn)
 m - a -1 plate armour
Scrolls
 d - a scroll of enchant weapon
 e - a scroll of identify
 i - a scroll of fog {unknown}
 k - 2 scrolls of teleportation
Potions
 h - a potion of brilliance
 o - a potion of berserk rage
Comestibles
 c - 2 bread rations


   Skills:
 + Level 5.2 Fighting
 * Level 6.9 Axes
 + Level 4.4 Armour
 + Level 4.1 Dodging


You had 6 spell levels left.
You didn't know any spells.

Dungeon Overview and Level Annotations

Branches:
Dungeon (8/15)
 Temple: D:4-7         Lair: D:8-11

Altars:
Ashenzari
Fedhas

Shops:
D:4 *?


Innate Abilities, Weirdness & Mutations

You reflexively headbutt those who attack you in melee.
You have a pair of horns on your head.


Message History

You feel sick. The orc hits you but does no damage.
You closely miss the orc priest. You hit the orc. The orc hits you.
* * * LOW HITPOINT WARNING * * *
The orc hits you but does no damage. The orc priest barely misses you.
Your skin crawls.
You feel resistant to hostile enchantments.
You feel somewhat more hungry. The orc hits you.
* * * LOW HITPOINT WARNING * * *
The orc closely misses you. You furiously retaliate!
You headbutt the orc, but do no damage. The orc priest hits you with a flail!
* * * LOW HITPOINT WARNING * * *
The orc hits you but does no damage. x2
It was a potion of haste.
You feel yourself speed up.
You feel sick.
The orc priest miscasts a cantrip.
The orc closely misses you. The orc completely misses you.
You are very lightly contaminated with residual magic.
It was a potion of flight.
You feel very buoyant.
You fly up into the air.
The orc priest hits you with a flail.
You die...

##############
#............# #....
....... #.... ......
#... #...#
+###...###...###### ♣♣♣
...........@o...... ♣.♣
.......<...oo...... ._.
................... ♣.♣
.<................. ♣.♣
...................
#'#######....##...##....
........#....#######....
........#..........# ...
....<...#†.........#


You could see an orc priest and 2 orcs.

Vanquished Creatures
  An ogre (D:4)
  A centaur (D:6)
  4 killer bees (D:8)
  A crimson imp (D:5)
  A gnoll shaman (D:7)
  An iguana (D:4)
  3 adders
  3 gnolls (D:7)
  A shadow imp (D:5)
  A worm (D:2)
  4 leopard geckos
  5 orcs (D:4)
  A bat (D:1)
  A giant cockroach (D:4)
  3 goblins (D:1)
  2 hobgoblins
  3 jackals (D:1)
  A quokka (D:2)
  3 kobolds
  4 rats
44 creatures vanquished.

Notes
Turn   | Place    | Note
-------+----------+-------------------------------------------
     0 | D:1      | M4edhros the Minotaur Berserker began the quest for the Orb.
     0 | D:1      | Reached XP level 1. HP: 19/19 MP: 0/0
   100 | D:1      | Reached skill level 4 in Axes
   100 | D:1      | Reached XP level 2. HP: 24/27 MP: 1/1
   298 | D:3      | Found a blossoming altar of Fedhas.
   353 | D:3      | Reached XP level 3. HP: 33/33 MP: 2/2
   358 | D:4      | Noticed an ogre
   360 | D:4      | Reached ** piety under Trog
   361 | D:4      | Found Coxkolah's Assorted Antiques.
   368 | D:4      | Killed an ogre
   368 | D:4      | Reached skill level 5 in Axes
   368 | D:4      | Reached XP level 4. HP: 25/40 MP: 3/3
   443 | D:4      | Found Tiruwkoj's Magic Scroll Shoppe.
   450 | D:4      | Bought a scroll of remove curse for 42 gold pieces
   471 | D:4      | Reached XP level 5. HP: 36/47 MP: 4/4
   472 | D:4      | You fall through a shaft!
   472 | D:5      | Entered Level 5 of the Dungeon
   569 | D:6      | Noticed a centaur
   590 | D:6      | Killed a centaur
   590 | D:6      | Reached skill level 6 in Axes
   590 | D:6      | Reached XP level 6. HP: 22/55 MP: 5/5
   662 | D:7      | Reached skill level 5 in Fighting
   733 | D:8      | Found a shattered altar of Ashenzari.
   756 | D:8      | Reached XP level 7. HP: 21/61 MP: 6/6
   773 | D:8      | HP: 3/61 [orc priest/flail (7)]
   775 | D:8      | Slain by an orc priest

Vault maps used:
D:1:      minmay_arrival_jagged, minmay_misc_feat_square
D:3:      lemuel_doored_altar, fedhas_altar_3
D:4:      nicolae_overflow_crystal_walls, serial_shops, shop,
          nicolae_shop_overgrown_old_shop, shop_fountains, first_bread,
          nemelex_altar_shiori
D:5:      minmay_temple_entry_glass, serial_bayou_pond_e
D:6:      grunt_temple_overflow_lords_of_destruction, okawaru_altar_gauntlet_db
D:7:      grunt_temple_overflow_bloody_war, grunt_temple_overflow_open,
          serial_shops, shop
D:8:      kennysheep_little_box, lair_entry_dummy, zaba_anthell, uniq_psyche

Skill      XL: |  1  2  3  4  5  6 |
---------------+-------------------+-----
Axes           | 4 5 6 |  6.9
Fighting       | 4 5 |  5.2
Armour         | 3 4 |  4.4
Dodging        | 3 4 |  4.1

Action                   |  1- 3 |  4- 6 |  7- 9 || total
-------------------------+-------+-------+-------++-------
Melee: Hand axe          |    49 |    52 |     1 ||   102
       Headbutt          |     7 |    10 |       ||    17
Invok: Berserk           |     1 |     2 |       ||     3
       Burn Spellbooks   |       |     3 |       ||     3
       Trog's Hand       |       |     1 |     1 ||     2
  Use: Scroll            |     4 |     1 |       ||     5
       Potion            |       |     1 |     4 ||     5
  Eat: Chunk             |       |     1 |       ||     1
Armor: Ring mail         |    13 |    13 |     4 ||    30
       Plate armour      |     5 |     1 |       ||     6
Dodge: Dodged            |    20 |    36 |     4 ||    60
